 Dungeon Crawl Stone Soup version 0.29.1-2-gbd0b4ee654 (webtiles) character file.

Game seed: 438988751239217085

458 shoresy the Chopper (level 6, -1/84 HPs)
             Began as a Minotaur Fighter on Oct 29, 2022.
             Was a Believer of Trog.
             Succumbed to an adder's poison
             ... in a sewer.
             The game lasted 00:29:19 (3184 turns).

shoresy the Chopper (Minotaur Fighter)              Turns: 3184, Time: 00:29:20

Health: -1/84      AC:  7    Str: 22    XL:     6   Next: 77%
Magic:  5/5        EV:  8    Int:  5    God:    Trog [**....]
Gold:   172        SH:  8    Dex: 10    Spells: 5/5 levels left

rFire   . . .      SeeInvis .   a - +0 war axe
rCold   . . .      Faith    .   H - +0 kite shield
rNeg    . . .      Spirit   .   b - +0 scale mail
rPois   .          Reflect  .   (helmet restricted)
rElec   .          Harm     .   (no cloak)
rCorr   .          Rampage  .   (no gloves)
Will    .....                   (no boots)
Stlth   ..........              (no amulet)
HPRegen 0.24/turn               (no ring)
MPRegen 0.09/turn               (no ring)

@: berserking (expiring), lethally poisoned (-1 -> -3), slow
A: horns 2, retaliatory headbutt
a: Renounce Religion, Berserk, Trog's Hand


You were in a sewer.
You worshipped Trog.
Trog was pleased with you.
You visited 1 branch of the dungeon, and saw 4 of its levels.
You also visited: Sewer.

You collected 172 gold pieces.

Inventory:

Hand Weapons
 a - a +0 war axe (weapon)
 j - a +0 spear
 m - a +1 dagger of speed
 q - a +0 club
 r - a +0 flail
 s - a +0 halberd
 t - a +0 halberd
 v - a +0 hand axe
 B - a +0 dagger
 E - a +0 dagger
 F - a +4 quarterstaff of chaos
 G - a +0 hammer
 I - a +0 long sword
Missiles
 h - 5 atropa-tipped darts (quivered)
 x - 2 poisoned darts
 y - 13 stones
Armour
 b - a +0 scale mail (worn)
 c - a +0 buckler
 g - a +0 robe
 i - a +0 scale mail
 o - a +0 robe
 H - a +0 kite shield (worn)
Wands
 z - a wand of mindburst (9)
Scrolls
 k - 9 scrolls of identify
 l - 3 scrolls of teleportation {unknown}
 p - a scroll of enchant armour {unknown}
 w - a scroll of amnesia {unknown}
 C - a scroll of blinking {unknown}
 D - a scroll of poison {unknown}
Potions
 d - 2 potions of might
 e - 3 potions of flight
 f - 2 potions of heal wounds {unknown}
 n - 2 potions of attraction {unknown}
 u - 4 potions of curing {unknown}
 A - a potion of magic {unknown}
 J - a potion of cancellation {unknown}
 K - 2 potions of brilliance {unknown}


   Skills:
 + Level 5.2 Fighting
 * Level 5.9 Axes
 + Level 5.1 Armour
 + Level 5.2 Shields


You had 5 spell levels left.
You didn't know any spells.
Your spell library was empty.

Dungeon Overview and Level Annotations

Branches:
Dungeon (4/15)              Sewer (1/1)
 Temple: D:4-7

Altars:
Trog


Innate Abilities, Weirdness & Mutations

You have a pair of horns on your head.
You reflexively headbutt those who attack you in melee.


Message History

The adder bites you.
You are poisoned.
The adder poisons you! The bullfrog closely misses you.
You furiously retaliate!
You headbutt the bullfrog. The adder barely misses you. The bullfrog hits you.
Your Armour skill increases to level 5!
Your unstable footing causes you to fumble your attack.
You feel very sick. The adder barely misses you.
You block the bullfrog's attack. The adder bites you.
You are more poisoned.
The adder poisons you! You block the bullfrog's attack.
Your unstable footing causes you to fumble your attack.
You feel very sick. The bullfrog hits you!
* * * LOW HITPOINT WARNING * * *
The adder bites you but does no damage. The bullfrog hits you.
* * * LOW HITPOINT WARNING * * *
The adder barely misses you. You furiously retaliate!
You headbutt the adder!
You kill the adder!
Trog accepts your kill.
A red film seems to cover your vision as you go berserk!
You feel yourself moving faster!
You feel mighty!
You feel sick. The bullfrog hits you.
* * * LOW HITPOINT WARNING * * *
You block the bullfrog's attack.
You feel a strong urge to attack something.
You feel sick. The bullfrog hits you.
* * * LOW HITPOINT WARNING * * *
You closely miss the bullfrog. You headbutt the bullfrog.
You kill the bullfrog!
Trog accepts your kill.
* * * LOW HITPOINT WARNING * * *
You feel sick.
There is a lethal amount of poison in your body!
You are too berserk!
* * * LOW HITPOINT WARNING * * *
You feel sick.
You feel a strong urge to attack something.
You die...

####################
###..~~≈≈≈~~~~~~≈≈~~..
##...~~≈~~~≈~..~≈~~≈~~.
#....~~~~~†~#~~#~~~~~~.
#....~~~~~~~~≈≈~~~~~≈..
##.....~@~~†≈≈≈≈≈~~~~~~.
#.....#~≈≈≈≈≈≈≈≈≈≈≈≈~~..
#....###################
##...#### #....#†.#
#....†..# #...#####
##...##
#....####################


There were no monsters in sight!

Vanquished Creatures
  2 bullfrogs (Sewer)
  Crazy Yiuf (D:2)
  Jessica (D:2)
  4 gnolls (D:2)
  13 adders
  4 river rats (Sewer)
  4 dart slugs (D:1)
  7 bats
  5 endoplasms
  3 giant cockroaches (D:4)
  2 goblins (D:2)
  3 hobgoblins
  A kobold (D:1)
  3 quokkas
  11 ball pythons
  3 frilled lizards
  26 rats
93 creatures vanquished.

Notes
Turn   | Place    | Note
-------+----------+-------------------------------------------
     0 | D:1      | shoresy the Minotaur Fighter began the quest for the Orb.
     0 | D:1      | Reached XP level 1. HP: 19/19 MP: 0/0
   289 | D:1      | Reached XP level 2. HP: 27/27 MP: 1/1
   907 | D:1      | Reached XP level 3. HP: 32/33 MP: 2/2
  1106 | D:2      | Reached XP level 4. HP: 12/40 MP: 3/3
  1701 | D:2      | Found a faded altar of an unknown god.
  1712 | D:2      | Prayed at the altar of an unknown god.
  1712 | D:2      | Became a worshipper of Trog the Wrathful
  1712 | D:2      | Reached * piety under Trog
  1757 | D:2      | Noticed Jessica
  1765 | D:2      | Killed Jessica
  1841 | D:2      | Found a runed translucent door.
  1848 | D:2      | Noticed Crazy Yiuf
  1855 | D:2      | Killed Crazy Yiuf
  1856 | D:2      | Reached XP level 5. HP: 47/47 MP: 4/4
  2379 | D:4      | Found a glowing drain.
  2431 | Sewer    | Entered a sewer
  2512 | Sewer    | Reached ** piety under Trog
  2665 | Sewer    | Reached skill level 5 in Axes
  2818 | Sewer    | Reached XP level 6. HP: 55/55 MP: 5/5
  3128 | Sewer    | Reached skill level 5 in Fighting
  3152 | Sewer    | Reached skill level 5 in Shields
  3178 | Sewer    | Reached skill level 5 in Armour
  3181 | Sewer    | HP: 3/84 [bullfrog (6)]
  3183 | Sewer    | HP: 1/84 [poisoned by an adder]
  3184 | Sewer    | Succumbed to an adder's poison

Illustrated notes

Levels and vault maps discovered:
D:1:      minmay_arrival_stone_box, layout_basic
D:2:      layout_loops_cross, basic_ecumenical_altar, st_stairs_8, uniq_jessica,
          uniq_crazy_yiuf_cottage
D:3:      layout_basic, lemuel_tele_altar, jmf_multi_god_temple2, serial_shops,
          shop, uniq_robin, uniq_ijyb, uniq_terence
D:4:      minmay_inner_zag, layout_basic, gup_sewer_entry_glass, serial_glass,
          glass_columns_a, glass_columns_a, glass_columns_a, glass_columns_a,
          glass_columns_a, uniq_grinder
Sewer:    sewer_minmay_w

Skill      XL: |  1  2  3  4  5  6 |
---------------+-------------------+-----
Axes           | 3 4 5 |  5.9
Shields        | 4 5 |  5.2
Fighting       | 4 5 |  5.2
Armour         | 4 5 |  5.1

Action                   |  1- 3 |  4- 6 || total
-------------------------+-------+-------++-------
Melee: War axe           |    46 |   167 ||   213
       Headbutt          |     9 |    17 ||    26
Invok: Berserk           |       |     2 ||     2
  Use: Scroll            |       |     1 ||     1
Armor: Scale mail        |    23 |   109 ||   132
Dodge: Dodged            |    35 |    85 ||   120
Block: Buckler           |     7 |    19 ||    26
       Kite shield       |       |    88 ||    88
